 Dungeon Crawl Stone Soup version 0.19.0-18-g426998a (webtiles) character file.

29 dysrexia the Insei (level 3, -1/23 HPs)
             Began as an Octopode Transmuter on Nov 12, 2016.
             Slain by a hobgoblin
             ... wielding a +0 club
              (6 damage)
             ... on level 2 of the Dungeon.
             The game lasted 00:02:53 (1260 turns).

dysrexia the Insei (Octopode Transmuter)            Turns: 1260, Time: 00:02:54

Health: -1/23      AC:  1    Str:  9    XL:     3   Next: 16%
Magic:  6/6        EV: 13    Int: 15    God:
Gold:   68         SH:  0    Dex: 13    Spells: 2 memorised, 3 levels left

rFire  . . .     SeeInvis .       - Unarmed
rCold  . . .     Gourm    .     (no shield)
rNeg   . . .     Faith    .     (helmet restricted)
rPois  .         Spirit   .     (no amulet)
rElec  .         Reflect  .     (no ring)
rCorr  .         Harm     .     (no ring)
MR     .....                    (no ring)
Stlth  ++........               (no ring)
                                (no ring)
                                (no ring)
                                (no ring)
                                (no ring)

@: no status effects
A: almost no armour, stealthy swim, amphibious, 8 rings, constrict 8, camouflage
1, gelatinous body 1
a: no special abilities


You were on level 2 of the Dungeon.
You were very hungry.

You visited 1 branch of the dungeon, and saw 2 of its levels.

You collected 68 gold pieces.

Inventory:

Missiles
 a - 29 arrows
Scrolls
 d - 2 scrolls of random uselessness {unknown}
 j - a scroll of amnesia
 k - a scroll of identify
Potions
 e - a potion of curing
 f - a potion of haste
 g - 2 potions of lignification {unknown}
 h - a potion of ambrosia
 i - a potion of mutation {unknown}
 l - 2 potions of heal wounds {unknown}
Books
 b - a book of Changes

   Spells                             Type                      Level
   a - Beastly Appendage              Transmutation                1
   b - Sticks to Snakes               Transmutation                2
   c - Spider Form                    Transmutation/Poison         3
   d - Ice Form                       Ice/Transmutation            4
   e - Blade Hands                    Transmutation                5
Comestibles
 c - a bread ration


   Skills:
 - Level 1.0 Fighting
 - Level 2.0 Dodging
 + Level 3.5 Unarmed Combat
 - Level 2.0 Spellcasting
 * Level 2.9 Transmutations


You had 3 spell levels left.
You knew the following spells:

 Your Spells              Type           Power        Failure   Level  Hunger
a - Beastly Appendage     Tmut           ##....       10%         1    #......
b - Sticks to Snakes      Tmut           ##......     12%         2    ###....


Dungeon Overview and Level Annotations

Branches:
Dungeon (2/15)

Altars:


Innate Abilities, Weirdness & Mutations

You cannot wear most types of armour.
You are very stealthy in the water. (Stealth+)
You are amphibious.
You can wear up to eight rings at the same time.
You can use your tentacles to constrict eight enemies at once.
Your skin changes colour to match your surroundings (Stealth+).
Your rubbery body absorbs attacks. (AC +1, EV +1)


Message History

You completely miss the hobgoblin.
The hobgoblin is heavily wounded.
You constrict the hobgoblin, but do no damage.
The hobgoblin hits you with a club.
You tentacle-slap the hobgoblin but do no damage.
The hobgoblin is heavily wounded.
You constrict the hobgoblin, but do no damage.
The hobgoblin barely misses you.
You tentacle-slap the hobgoblin but do no damage.
The hobgoblin is heavily wounded.
You constrict the hobgoblin. The hobgoblin hits you with a club.
You tentacle-slap the hobgoblin but do no damage.
The hobgoblin is heavily wounded.
You constrict the hobgoblin, but do no damage.
The hobgoblin hits you with a club.
* * * LOW HITPOINT WARNING * * *
You tentacle-slap the hobgoblin but do no damage.
The hobgoblin is heavily wounded.
You constrict the hobgoblin. The hobgoblin hits you with a club.
You die...

#. ###.#.#.# #.##
........#.# ...#
#.##........ #.?#
#.##.#.#.#.# #..#
##.##.#.....
###..##.#.........#
##.#..g..#.........# #
###...#@####.##.....####
.......................'
###...#.####........####
##.##.# ####.##.## # ##
#.# #.#### #.# #.# ...
#.# ..# #.# ### #.#


You could see a hobgoblin.

Vanquished Creatures
  A dart slug (D:2)
  A leopard gecko (D:2)
  4 bats
  5 giant cockroaches
  A goblin (D:2)
  A hobgoblin (D:2)
  2 quokkas (D:2)
  3 frilled lizards (D:1)
  2 kobolds
  5 rats (D:1)
25 creatures vanquished.

Notes
Turn   | Place    | Note
-------+----------+-------------------------------------------
     0 | D:1      | dysrexia the Octopode Transmuter began the quest for the Orb.
     0 | D:1      | Reached XP level 1. HP: 13/13 MP: 3/3
   147 | D:1      | Reached XP level 2. HP: 5/18 MP: 5/5
   776 | D:2      | Learned a level 2 spell: Sticks to Snakes
   988 | D:2      | Reached XP level 3. HP: 11/23 MP: 4/6
  1260 | D:2      | Slain by a hobgoblin

Action                   || total
-------------------------++-------
Melee: Unarmed           ||    60
       Constrict         ||    14
       Tentacles         ||    11
 Cast: Beastly Appendage ||     2
  Use: Scroll            ||     5
 Stab: Sleeping          ||     8
Armor: Skin              ||     8
Dodge: Dodged            ||    38
